 Dungeon Crawl Stone Soup version 0.18-a0-1507-g69458e0 (webtiles) character file.

2822 sugabear the Ducker (level 9, -2/48 HPs)
             Began as a Vine Stalker Gladiator on Mar 5, 2016.
             Was a Follower of Qazlal.
             Slain by a hell rat (4 damage)
             ... on level 8 of the Dungeon.
             The game lasted 00:12:05 (5854 turns).

sugabear the Ducker (Vine Stalker Gladiator)        Turns: 5854, Time: 00:12:05

Health: -2/48      AC: 15    Str: 19    XL:     9   Next: 73%
Magic:  0/13       EV: 10    Int: 10    God:    Qazlal [*.....]
Gold:   204        SH:  1    Dex: 17    Spells: 0 memorised, 8 levels left

rFire  + . .     SeeInvis .     F - +0 lajatang
rCold  . . .     Gourm    .     X - +1 chain mail "Lacinkos" {rF+ rN+} (curse)
rNeg   + . .     Faith    .     (shield currently unavailable)
rPois  +         Spirit   +     E - +2 hat
rElec  .         Dismiss  .     B - +0 cloak
rCorr  .         Reflect  .     y - +0 pair of gloves
SustAt .         Harm     .     (no boots)
MR     ++...                    (no amulet)
Stlth  ..........               M - ring of protection from magic
                                N - ring of loudness (curse)

@: drained, very resistant to hostile enchantments, extremely unstealthy
A: antennae 1, fangs 3, rugged brown scales 1, clever 1, sense surroundings 1,
poison resistance, regeneration 2, magic shield, antimagic bite, no device heal
3, rot immunity
a: Renounce Religion


You were on level 8 of the Dungeon.
You worshipped Qazlal.
Qazlal was aware of your devotion.
You were hungry.

You visited 2 branches of the dungeon, and saw 9 of its levels.

You collected 470 gold pieces.
You spent 266 gold pieces at shops.

Inventory:

Hand Weapons
 a - a +0 flail
 F - a +0 lajatang (weapon)
 V - a +3 quarterstaff
Missiles
 d - 3 throwing nets (quivered)
 S - 8 javelins of penetration
Armour
 b - a +0 leather armour
 i - a +0 ring mail
 v - a +2 ring mail of cold resistance
 y - a +0 pair of gloves (worn)
 B - a +0 cloak (worn)
 E - a +2 hat (worn)
 X - the cursed +1 chain mail "Lacinkos" (worn) {rF+ rN+}
   (You bought it in a shop on level 8 of the Dungeon)

   It protects you from fire.
   It protects you from negative energy.
   It has a curse placed upon it.
Jewellery
 c - an uncursed ring of flight
 o - an uncursed ring of positive energy
 M - a ring of protection from magic (right hand)
 N - a cursed ring of loudness (left hand)
 T - a +3 ring of intelligence
Wands
 I - a wand of disintegration (9/24)
 O - a wand of digging (16/24)
 R - a wand of flame (29/48)
Scrolls
 e - a scroll of fog {unknown}
 k - 8 scrolls of identify {unknown}
 l - 2 scrolls of immolation {unknown}
 n - 4 scrolls of magic mapping {unknown}
 q - 2 scrolls of enchant armour {unknown}
 r - 5 scrolls of remove curse {unknown}
 u - a scroll of noise {unknown}
 w - a scroll of recharging {unknown}
 x - 2 scrolls of teleportation {unknown}
 C - 2 scrolls of random uselessness {unknown}
 H - a scroll of blinking {unknown}
 L - a scroll of enchant weapon {unknown}
Potions
 g - 2 potions of cure mutation {unknown}
 j - a potion of curing
 m - 2 potions of flight {unknown}
 s - 3 potions of degeneration {unknown}
 t - a potion of ambrosia {unknown}
 z - 2 potions of agility
 A - 2 potions of haste {unknown}
 D - a potion of cancellation {unknown}
 G - a potion of lignification {unknown}
 J - a potion of invisibility {unknown}
 K - a potion of berserk rage {unknown}
 P - a potion of mutation {unknown}
 W - a potion of magic {unknown}
Books
 U - a book of Burglary

   Spells                             Type                      Level
   a - Swiftness                      Charms/Air                   2
   b - Passwall                       Transmutation/Earth          2
   c - Passage of Golubria            Translocation                4
   d - Lee's Rapid Deconstruction     Earth                        5
   e - Darkness                       Hexes                        6
   f - Invisibility                   Hexes                        6
Comestibles
 f - 9 bread rations
 h - 2 meat rations
 p - 6 fruits
 Q - 3 beef jerkies


   Skills:
 + Level 5.3(4.8) Fighting
 + Level 4.1(4.9) Maces & Flails
 + Level 5.2(5.5) Staves
 + Level 2.1(1.7) Throwing
 + Level 3.9(3.4) Armour
 + Level 6.1(5.6) Dodging
 * Level 4.3(3.9) Invocations


You had 8 spell levels left.
You didn't know any spells.

Dungeon Overview and Level Annotations

Branches:
Dungeon (8/15)             Temple (1/1) D:6            Lair (0/8) D:8

Altars:
Ashenzari
Dithmenos
Elyvilon
Fedhas
Gozag
Kikubaaqudgha
Makhleb
Nemelex Xobeh
Okawaru
Pakellas
Qazlal
Ru
Sif Muna
Trog
Vehumet
Xom
Yredelemnul
Zin
The Shining One

Shops:
D:4 =   D:7 =   D:8 [


Innate Abilities, Weirdness & Mutations

You have razor-sharp teeth.
You heal very quickly.
When hurt, damage is shared between your health and your magic reserves.
Your bite disrupts and absorbs the magic of your enemies.
Potions and wands cannot restore your health.
You are immune to rotting.
You have a pair of small antennae on your head.
You are partially covered in rugged brown scales (AC +1, +3% HP).
Your mind is acute. (Int +2)
You passively map a small area around you.
Your system is resistant to poisons.


Message History

You feel invigorated.
You kill the orc priest!
Qazlal accepts your kill. The hell rat bites you.
* * * LOW HITPOINT WARNING * * *
The hell rat barely misses you.
You barely miss the orc priest. You bite the orc priest! You drain its power.
You feel invigorated.
The orc priest is heavily wounded.
The hell rat barely misses you.
The orc priest hits you but does no damage.
You closely miss the orc priest.
The orc priest is heavily wounded.
The hell rat bites you!
* * * LOW HITPOINT WARNING * * *
You partially resist.
You feel drained.
* * * LOW HITPOINT WARNING * * *
The orc priest casts a cantrip, but nothing happens.
The hell rat bites you!
You die...

#.....####
#........)...
#........#
#....†.....#* **
#.....##.###..........#
##...##...............#
#####.#.......†...>..#
##.#.######r######
##.## #r# ##* #r# #@#
#o# * * #o# #.# , * #.#
#.# *, , , #.#* ** ...
*


You could see a hell rat, an orc priest, an orc and 2 rats.

Vanquished Creatures
  Joseph (D:7)
  A spriggan (D:7)
  A porcupine (D:8)
  An orc warrior (D:7)
  3 sky beasts
  A black bear (D:6)
  A phantom (D:7)
  An ice beast (D:6)
  4 ogres
  3 giant frogs (D:7)
  Blork the orc (D:6)
  2 scorpions
  5 killer bees (D:7)
  A howler monkey (D:4)
  A giant frog skeleton (D:6)
  2 hounds (D:7)
  2 orc priests
  3 iguanas
  4 worker ants
  3 orc wizards
  4 gnolls (D:6)
  5 adders
  A shadow imp (D:7)
  2 oozes
  An adder skeleton (D:6)
  4 worms
  2 dart slugs
  5 giant geckos
  20 orcs
  4 ball pythons
  2 giant cockroaches
  5 goblins
  11 hobgoblins
  12 jackals (D:2)
  7 kobolds
  5 quokkas
  10 bats
  A giant gecko skeleton (D:4)
  4 giant newts
  3 jackal skeletons
  A quokka skeleton (D:6)
  9 rats
159 creatures vanquished.

Notes
Turn   | Place    | Note
--------------------------------------------------------------
     0 | D:1      | sugabear the Vine Stalker Gladiator began the quest for the Orb.
     0 | D:1      | Reached XP level 1. HP: 11/11 MP: 2/2
    98 | D:1      | Reached XP level 2. HP: 15/15 MP: 3/3
   703 | D:1      | Reached XP level 3. HP: 18/18 MP: 4/4
   828 | D:2      | Reached skill level 3 in Dodging
   867 | D:2      | Reached XP level 4. HP: 23/23 MP: 5/5
  1528 | D:3      | Reached skill level 1 in Armour
  2061 | D:3      | Reached XP level 5. HP: 26/26 MP: 6/6
  2182 | D:4      | Noticed an ogre
  2188 | D:3      | Killed an ogre
  2327 | D:4      | Gained mutation: You heal very quickly. [Vine Stalker growth]
  2327 | D:4      | Reached XP level 6. HP: 32/32 MP: 7/7
  2350 | D:4      | Found Ocivet's Jewellery Boutique.
  2494 | D:4      | Reached skill level 4 in Dodging
  2496 | D:4      | Reached skill level 1 in Staves
  2707 | D:4      | Reached XP level 7. HP: 31/36 MP: 8/8
  2722 | D:4      | Found a white marble altar of Elyvilon.
  2746 | D:5      | Entered Level 5 of the Dungeon
  2897 | D:4      | Gained mutation: Your system is resistant to poisons. [mutagenic meat]
  2898 | D:4      | Gained mutation: You have a pair of small antennae on your head. [mutagenic meat]
  2900 | D:4      | Gained mutation: Your mind is acute. (Int +2) [mutagenic meat]
  3054 | D:5      | Found a shattered altar of Ashenzari.
  3055 | D:5      | Found a blossoming altar of Fedhas.
  3095 | D:5      | Gained mutation: You passively map a small area around you. [mutagenic meat]
  3097 | D:5      | Gained mutation: You are partially covered in rugged brown scales (AC +1, +3% HP). [mutagenic meat]
  3168 | D:5      | Found a basalt altar of Yredelemnul.
  3618 | D:6      | Gained mutation: You have razor-sharp teeth. [Vine Stalker growth]
  3618 | D:6      | Reached XP level 8. HP: 35/43 MP: 6/9
  3682 | D:6      | Found a staircase to the Ecumenical Temple.
  3703 | Temple   | Entered the Ecumenical Temple
  3882 | Temple   | Became a worshipper of Qazlal Stormbringer
  3907 | D:6      | Reached skill level 5 in Dodging
  4044 | D:6      | Reached skill level 1 in Invocations
  4089 | D:6      | Noticed Blork the orc
  4101 | D:6      | Killed Blork the orc
  4960 | D:7      | Found Sosch's Jewellery Emporium.
  5022 | D:7      | Noticed a spriggan baker
  5028 | D:7      | Killed a spriggan baker
  5028 | D:7      | Reached XP level 9. HP: 47/47 MP: 12/12
  5161 | D:7      | Found a bloodstained altar of Trog.
  5183 | D:7      | Reached * piety under Qazlal
  5297 | D:7      | Noticed Joseph
  5299 | D:7      | Found a shadowy altar of Dithmenos.
  5299 | D:7      | Found a basalt altar of Yredelemnul.
  5300 | D:7      | Found a burning altar of Makhleb.
  5310 | D:7      | Killed Joseph
  5310 | D:7      | Reached skill level 5 in Fighting
  5310 | D:7      | Reached skill level 5 in Staves
  5589 | D:8      | Found Wimor's Antique Armour Boutique.
  5636 | D:7      | Reached skill level 6 in Dodging
  5728 | D:8      | Found a staircase to the Lair.
  5753 | D:8      | Bought a jet-encrusted chain mail for 266 gold pieces
  5763 | D:8      | Identified the cursed +1 chain mail "Lacinkos" {rF+ rN+} (You bought it in a shop on level 8 of the Dungeon)
  5854 | D:8      | HP: 2/48 [hell rat (2)]
  5854 | D:8      | Slain by a hell rat

Vault maps used:
D:1:      sevenhm_arrival_forest_fort_small_6, corner_web_ring
D:4:      lemuel_coloured_pillars_altar, serial_shops, shop
D:5:      minitemple, first_bread, basic_altar, st_stairs_10
D:6:      minmay_temple_entry_glass, kennysheep_generic_room_6,
          uniq_blork_the_orc
D:7:      grunt_temple_overflow_open, serial_shops, shop, the_bakery,
          lemuel_tele_altar, uniq_joseph
D:8:      dpeg_lair_monsters, serial_shops, shop, shop
Temple:   nicolae_temple_figure_eight

Skill      XL: |  1  2  3  4  5  6  7  8  9 |
---------------+----------------------------+-----
Maces & Flails | 3 4 |  4.1
Throwing       | 2 |  2.1
Dodging        | 3 4 5 6 |  6.1
Fighting       | 2 3 4 5 |  5.3
Armour         | 1 2 3 |  3.9
Staves         | 1 2 4 5 |  5.2
Invocations    | 3 4 |  4.3

Action                   |  1- 3 |  4- 6 |  7- 9 || total
-------------------------+-------+-------+-------++-------
Melee: Flail             |    97 |    97 |       ||   194
       Lajatang          |       |    81 |   256 ||   337
Throw: Javelin           |       |       |     3 ||     3
Evoke: Wand              |       |       |     3 ||     3
  Use: Potion            |       |       |     1 ||     1
  Eat: Chunk             |       |     6 |    17 ||    23
